 Dungeon Crawl Stone Soup version 0.31-a0-455-g1a7b003ef0 (webtiles) character file.

Game seed: 10336375484843832115

184 ytrimaz the Changeling (level 5, -2/34 (39) HPs)
             Began as a Demonspawn Shapeshifter on Aug 4, 2023.
             Slain by a fire bat (6 damage)
             ... on level 5 of the Dungeon.
             The game lasted 00:03:05 (2493 turns).

ytrimaz the Changeling (Demonspawn Shapeshifter)    Turns: 2493, Time: 00:03:06

HP:   -2/34 (39)    AC: -3    Str: 17    XL:     5   Next: 36%
MP:   5/5           EV: 12    Int:  9    God:
Gold: 172           SH:  0    Dex: 14    Spells: 4/4 levels left

rFire   . .          .
                       - Unarmed
rCold   . . .        (no shield)
rNeg    . . .        a - +0 animal skin
rPois   .            (helmet currently unavailable)
rElec   .            (cloak currently unavailable)
rCorr   .            (gloves currently unavailable)
SInv    .            (boots currently unavailable)
Will    .....        (no amulet)
Stlth   +            (no ring)
HPRegen 0.25/turn    (no ring)
MPRegen 0.09/turn

%: no passive effects
@: beast-form, corroded, heavily drained
A: beast (slay +2), horns 1, slimy green scales 2
a: Begin Untransformation


You were on level 5 of the Dungeon.
You were a hulking beast.
You visited 1 branch of the dungeon, and saw 5 of its levels.

You collected 172 gold pieces.


Innate Abilities, Weirdness & Mutations

You are a hulking beast.
Your limbs bulge with bestial killing power. (Slay +2)
You have a pair of small horns on your head.
You are mostly covered in slimy green scales. (AC +3)


   Skills:
 + Level 2.6 Fighting
 - Level 1.7 Dodging
 - Level 3.1 Unarmed Combat
 * Level 4.2 Shapeshifting


You had 4 spell levels left.
You didn't know any spells.
Your spell library was empty.

Inventory:

Armour
 a - a +0 animal skin (worn)
Jewellery
 m - a ring of fire
   (You found it on level 3 of the Dungeon)
Talismans
 c - a beast talisman (active)
Wands
 b - a wand of polymorph (14)
   (You found it on level 5 of the Dungeon)
Scrolls
 e - a scroll of poison
 f - a scroll of vulnerability {unknown}
 g - a scroll of enchant weapon
 i - 3 scrolls of teleportation
 k - a scroll of amnesia
Potions
 d - 3 potions of attraction
 h - a potion of mutation {unknown}
 j - 3 potions of curing {unknown}
 l - 4 potions of berserk rage {unknown}
 n - a potion of enlightenment {unknown}
 o - a potion of degeneration {unknown}

Dungeon Overview and Level Annotations

Branches:
Dungeon (5/15) Zot: 26845
 Temple: D:4-7

Altars:
Sif Muna

Annotations:
D:5 2 transporters, jejorda2's ghost, amateur GnBe

#......
#...###...>....#
#.##
#...#####...########
#[........#
######.#..####
#######........
...........####
.######....# #.##.#
#.##h# #..#b# .<.#..
#..#..# #.>#..# ..
...# #.## #.#


You could see a fire bat.


Message History

No target in view!
No target in view!
You see here a +0 mace. 😎 HP[+1]
Your hp is fully restored (33).
An ufetubus and an adder come into view.
The ufetubus shouts!
There are monsters nearby!
There are monsters nearby!
There are monsters nearby!
You hit the adder. You headbutt the adder.
The adder bites you but does no damage.
You closely miss the adder. Your headbutt misses the adder.
The adder bites you but does no damage.
You hit the adder. Your punch misses the adder.
The adder bites you but does no damage.
You hit the adder. The adder completely misses you.
The adder bites you but does no damage.
You miss the adder. Your headbutt misses the adder.
The adder closely misses you.
You punch the adder!
You kill the adder!
You now have 34 max hp (+1).
You barely miss the ufetubus. The ufetubus barely misses you.
The ufetubus closely misses you. 😎 HP[+1]
Your hp is fully restored (34).
You hit the ufetubus. The ufetubus hits you.
The ufetubus hits you but does no damage.
The ufetubus barely misses you.
The ufetubus hits you but does no damage. 😕 HP[-1]
You take 1 damage, and now have 33/34 hp.
You hit the ufetubus. The ufetubus hits you.
The ufetubus closely misses you. 😕 HP[-2]
You take 2 damage, and now have 31/34 hp.
You hit the ufetubus.
You kill the ufetubus!
No target in view!
No target in view!
No target in view!
No target in view!
No target in view!
No target in view!
No target in view!
No target in view!
No target in view!
You see here a +0 helmet.
You now have 172 gold pieces (gained 13).
Jejorda2's ghost turns its malevolent gaze towards you.
Key pressed, stopping explore.
The quasit gives a chilling moan.
You hear a chilling moan.
Things that are here:
a +0 robe; a +1 battleaxe of freezing; 😎 HP[+3]
Your hp is fully restored (34).
The quasit gives a chilling moan.
You hear a chilling moan.
Things that are here:
a +0 robe; a +1 battleaxe of freezing Key pressed, stopping explore.
b - a wand of polymorph (15)
Found a stone staircase leading down.
There is a stone staircase leading down here.
f - a scroll labelled GUPISMOLIM
Found a stone staircase leading up.
Found a stone staircase leading down.
A jelly comes into view.
The jelly quivers.
A jelly is nearby!
A jelly is nearby!
You hit the jelly. The acid corrodes you!
Your hands burn!
The jelly hits you. The acid corrodes you!
You are splashed with acid! 😮 HP[-10]
You take 10 damage, and now have 24/34 hp.
MASSIVE DAMAGE!! (PAUSE)
You hit the jelly.
Your hands burn!
The jelly barely misses you. 😮 HP[-4]
You take 4 damage, and now have 20/34 hp.
You hit the jelly but do no damage.
Your hands burn!
* * * LOW HITPOINT WARNING * * *
The jelly barely misses you. 😨 HP[-3]
You take 3 damage, and now have 17/34 hp.
You hit the jelly.
Your hands burn!
* * * LOW HITPOINT WARNING * * *
The jelly hits you.
* * * LOW HITPOINT WARNING * * *
You are splashed with acid!
* * * LOW HITPOINT WARNING * * *
Unknown command. 😱 HP[-13]
You take 13 damage, and now have 4/34 hp.
MASSIVE DAMAGE!! (PAUSE)
Okay, then.
Okay, then.
Aiming: Polymorph
Press: ? - help, Shift-Dir - straight line, f - jelly
Aim: a jelly (moderately wounded, will become a killer bee, a bat, or a fire bat, chance to affect: 57%)
The jelly evaporates and reforms as a fire bat!
The fire bat bites you.
You die...

Skill      XL: |  1  2  3  4 |
---------------+-------------+-----
Unarmed Combat | 3 |  3.1
Shapeshifting  | 3 4 |  4.2
Fighting       | 2 |  2.6
Dodging        | |  1.7

Action                     |  1- 3 |  4- 6 || total
---------------------------+-------+-------++-------
  Melee: Unarmed           |   124 |    37 ||   161
         Headbutt          |    17 |     4 ||    21
         Punch             |     1 |     2 ||     3
  Evoke: Wand              |       |     1 ||     1
    Use: Scroll            |     8 |       ||     8
         Potion            |       |     2 ||     2
   Stab: Sleeping          |     1 |       ||     1
 Armour: Animal skin       |    28 |    12 ||    40
         Skin              |       |     9 ||     9
  Dodge: Dodged            |    80 |    16 ||    96

Levels and vault maps discovered:
D:1:      amcnicky_arrival_choice, layout_loops_ring, corexii_hall_statues_l
D:2:      layout_rooms, minmay_misc_feat_rows, amethyst_killhole
D:3:      layout_rooms, dreamdust_ecumenical_altar_angels_and_demons
D:4:      layout_gridville, kennysheep_mini
D:5:      layout_loops_ring, minmay_temple_entry_poolview, serial_shops,
          nicolae_shop_window_shopping, gammafunk_ghost_stat_death

Notes
Turn   | Place    | Note
-------+----------+-------------------------------------------
     0 | D:1      | ytrimaz the Demonspawn Shapeshifter began the quest for the
                  | Orb.
     0 | D:1      | Reached XP level 1. HP: 15/15 MP: 1/1
     0 | D:1      | magus.rc [v1.9.6]
   232 | D:1      | Reached skill level 3 in Unarmed Combat
   237 | D:1      | Gained mutation: You have a pair of small horns on your
                  | head. [demonic ancestry]
   237 | D:1      | Reached XP level 2. HP: 19/21 MP: 2/2
   444 | D:1      | Reached skill level 3 in Shapeshifting
   713 | D:2      | HP: 4/19 [hobgoblin (2)]
   843 | D:2      | Reached XP level 3. HP: 20/24 MP: 3/3
  1519 | D:3      | Found a faded altar of an unknown god.
  1957 | D:4      | Found a shimmering blue altar of Sif Muna.
  2047 | D:4      | Reached skill level 2 in Fighting
  2047 | D:4      | Gained mutation: You are partially covered in slimy green
                  | scales. (AC +2) [demonic ancestry]
  2047 | D:4      | Reached XP level 4. HP: 25/33 MP: 4/4
  2109 | D:4      | HP: 6/26 [something (2)]
  2119 | D:4      | Reached skill level 4 in Shapeshifting
  2121 | D:4      | Gained mutation: You are mostly covered in slimy green
                  | scales. (AC +3) [demonic ancestry]
  2121 | D:4      | Reached XP level 5. HP: 21/31 MP: 5/5
  2338 | D:5      | Entered Level 5 of the Dungeon
  2420 | D:5      | Noticed jejorda2's ghost (amateur GnBe)
  2421 | D:5      | Found a transporter.
  2468 | D:5      | Found a transporter.
  2492 | D:5      | HP: 4/34 [acid (7)]
  2493 | D:5      | a jelly changed into a fire bat
  2493 | D:5      | Noticed a fire bat
  2493 | D:5      | Slain by a fire bat

Vanquished Creatures
  A hound (D:4)
  An orc priest (D:4)
  An orc wizard (D:4)
  3 adders
  An ufetubus (D:5)
  A worm (D:2)
  A dart slug (D:1)
  3 orcs
  6 bats
  7 endoplasms
  A giant cockroach (D:2)
  5 goblins
  8 hobgoblins
  A quokka (D:3)
  4 ball pythons
  A frilled lizard (D:2)
  7 kobolds
  6 rats
58 creatures vanquished.

Table legend:
 A = Non-vault XP
 B = Vault XP
 C = Vault XP percentage of total XP
 D = Non-vault monster count
 E = Vault monster count
 F = Vault count percentage of total count
                 A         B        C        D         E       F
            +---------+---------+-------+---------+---------+-------
      Total |     264 |       0 |   0.0 |      58 |       0 |   0.0
            +---------+---------+-------+---------+---------+-------
        D:1 |      25 |       0 |   0.0 |      12 |       0 |   0.0
        D:2 |      49 |       0 |   0.0 |      21 |       0 |   0.0
        D:3 |      19 |       0 |   0.0 |      13 |       0 |   0.0
        D:4 |     146 |       0 |   0.0 |       9 |       0 |   0.0
        D:5 |      25 |       0 |   0.0 |       3 |       0 |   0.0
            +---------+---------+-------+---------+---------+-------

Skill      XL: |  1  2  3  4 |
---------------+-------------+-----
Unarmed Combat | 3 |  3.1
Shapeshifting  | 3 4 |  4.2
Fighting       | 2 |  2.6
Dodging        | |  1.7

Action                     |  1- 3 |  4- 6 || total
---------------------------+-------+-------++-------
  Melee: Unarmed           |   124 |    37 ||   161
         Headbutt          |    17 |     4 ||    21
         Punch             |     1 |     2 ||     3
  Evoke: Wand              |       |     1 ||     1
    Use: Scroll            |     8 |       ||     8
         Potion            |       |     2 ||     2
   Stab: Sleeping          |     1 |       ||     1
 Armour: Animal skin       |    28 |    12 ||    40
         Skin              |       |     9 ||     9
  Dodge: Dodged            |    80 |    16 ||    96

Illustrated notes

Table legend:
 A = Kills in this place as a percentage of kills in the entire game.
 B = Kills by you in this place as a percentage of kills by you in the entire game.
 C = Kills by friends in this place as a percentage of kills by friends in the entire game.
 D = Other kills in this place as a percentage of other kills in the entire game.
 E = Experience gained in this place as a percentage of experience gained in the entire game.
 F = Experience gained in this place divided by the number of levels of this place that you have seen.
                   A       B       C       D       E      F
               +-------+-------+-------+-------+-------+----------------------
         Total | 100.0 | 100.0 |   N/A |   N/A | 100.0 |  52.8
       Dungeon | 100.0 | 100.0 |   N/A |   N/A | 100.0 |  52.8
               +-------+-------+-------+-------+-------+----------------------

Table legend: (Time is in decaauts)
 A = Elapsed time spent in this place.
 B = Non-inter-level travel time spent in this place.
 C = Inter-level travel time spent in this place.
 D = Time resting spent in this place.
 E = Time spent auto-exploring this place.
 F = Levels seen in this place.
 G = Mean time per level.
                   A        B        C        D        E       F      G
               +--------+--------+--------+--------+--------+-----+--------+
         Total |   2484 |   2380 |    104 |     47 |   1911 |   5 |  496.8 |
       Dungeon |   2484 |   2380 |    104 |     47 |   1911 |   5 |  496.8 |
               +--------+--------+--------+--------+--------+-----+--------+

Top non-repeatable levels by time:
     D:1: 681 daAuts
     D:2: 632 daAuts
     D:3: 514 daAuts
     D:4: 501 daAuts
     D:5: 154 daAuts
